 Dungeon Crawl Stone Soup version 0.29-a0-559-g359e09b9d1 (webtiles) character file.

Game seed: 12733042217458493675

34791 zishaf the Thaumaturge (level 14, 0/95 HPs)
             Began as a Djinni Venom Mage on June 10, 2022.
             Was a High Priest of Hepliaklqana.
             Slain by a minotaur
             ... wielding a +0 great mace of protection
              (1 damage)
             ... in a Gauntlet.
             The game lasted 00:44:20 (22075 turns).

zishaf the Thaumaturge (Djinni Venom Mage)         Turns: 22075, Time: 00:44:21

Health: 0/95       AC: 13    Str:  7    XL:     14   Next: 15%
Gold:   1033       EV:  9    Int: 27    God:    Hepliaklqana [*****.] SH:  0 Dex: 11

rFire   + + +      SeeInvis +   k - +8 quarterstaff (vorpal)
rCold   x . .      Faith    +   (shield currently unavailable)
rNeg    . . .      Spirit   .   H - +4 ring mail "Iweipebre" {+Inv}
rPois   ∞          Reflect  .   i - +1 helmet
rElec   +          Harm     .   P - +0 cloak of the Bulwark {rElec rPois rCorr Dex-2}
rCorr   +          Rampage  .   I - +0 pair of gloves
Will    +....      NoTele   +   (boots unavailable)
Stlth   +.........              s - amulet "Tufaustaj" {Faith rPois Int+4}
HPRegen 0.25/turn               B - ring of see invisible
MPRegen 0.00/turn               J - ring of protection from fire

@: flying
A: reduced essence, sickness immunity, fire resistance 2, cold vulnerability 1,
float, innate caster, HP casting, extra vitality 1
a: Renounce Religion, Evoke Invisibility, Recall Ancestor, Ancestor Identity,
Transference, Idealise


You were in a Gauntlet.
You worshipped Hepliaklqana.
Hepliaklqana was extremely pleased with you.
You visited 2 branches of the dungeon, and saw 16 of its levels.
You also visited: Bailey and Gauntlet.

You collected 1066 gold pieces.
You spent 33 gold pieces at shops.

Inventory:

Hand Weapons
 c - a +0 short sword
 k - a +8 vorpal quarterstaff (weapon)
 K - the +4 flail of the Hungering Gods {freeze, Drain Will++}
   (You found it on level 2 of the Lair of Beasts)

   It freezes those it strikes, dealing additional cold damage.
   It can also slow down cold-blooded creatures.
   Drain:     It drains your maximum health when unequipped.
   Will:      It greatly increases your willpower.
Missiles
 q - 4 silver boomerangs
 v - 6 silver javelins
Armour
 a - a +0 robe
 i - a +1 helmet (worn)
 y - +0 steam dragon scales
 H - the +4 ring mail "Iweipebre" (worn) {+Inv}
   (You found it on level 12 of the Dungeon)

   +Inv:      It lets you turn invisible.
 I - a +0 pair of gloves (worn)
 M - a +1 troll leather armour {Snorg}
 P - the +0 cloak of the Bulwark (worn) {rElec rPois rCorr Dex-2}
   (You found it in a Gauntlet)

   Dex:       It affects your dexterity (-2).
   rElec:     It insulates you from electricity.
   rPois:     It protects you from poison.
   rCorr:     It protects you from acid and corrosion.
Jewellery
 n - a ring of fire
 s - the amulet "Tufaustaj" (around neck) {Faith rPois Int+4}
   (You acquired it in a bailey)

   [amulet of faith]

   It allows you to gain divine favour quickly.
   Int:       It affects your intelligence (+4).
   rPois:     It protects you from poison.
 B - a ring of see invisible (left hand)
 J - a ring of protection from fire (right hand)
Wands
 b - a wand of acid (19)
 p - a wand of mindburst (26)
 C - a wand of flame (15)
 F - a wand of digging (7)
 G - a wand of paralysis (7)
 L - a wand of iceblast (8)
 O - a wand of charming (8)
Scrolls
 g - 12 scrolls of teleportation
 j - 3 scrolls of fear
 r - 3 scrolls of poison
 z - 3 scrolls of fog
 A - a scroll of enchant weapon
Potions
 d - 6 potions of might
 e - 2 potions of cancellation
 f - 2 potions of attraction
 h - 2 potions of mutation
 l - 4 potions of haste
 m - 6 potions of brilliance
 o - 11 potions of curing
 t - 2 potions of ambrosia
 u - a potion of berserk rage {unknown}
 w - 4 potions of invisibility
 x - 6 potions of heal wounds
 D - 5 potions of magic {unknown}
 E - a potion of resistance {unknown}
Miscellaneous
 N - a phantom mirror


   Skills:
 + Level 11.7 Fighting
 - Level 2.1 Dodging
 - Level 1.5 Stealth
 * Level 13.0 Spellcasting
 - Level 8.0 Invocations
 + Level 8.8 Evocations


You had 11 spell levels left.
You knew the following spells:

 Your Spells              Type           Power      Damage    Failure   Level
a - Sting                 Tmut/Pois      100%       1d8       1%          1
b - Poisonous Vapours     Pois/Air       100%       N/A       1%          2
c - Magic Dart            Conj           100%       1d8       1%          1
d - Silence               Hex/Air        36%        N/A       1%          5
f - Passwall              Tmut/Erth      60%        N/A       1%          2
z - Mephitic Cloud        Conj/Pois/Air  73%        N/A       1%          3
A - Olgreb's Toxic Radia  Pois           73%        N/A       1%          4
B - Scorch                Fire           100%       2d10      1%          2
C - Summon Guardian Gole  Hex/Summ       73%        N/A       1%          3
D - Metabolic Englaciati  Hex/Ice        36%        N/A       1%          5
Your spell library was empty.

Dungeon Overview and Level Annotations

Branches:
Dungeon (12/15)            Temple (0/1) D:6            Lair (4/6) D:11
  Swamp (0/4) Lair:4       Spider (0/4) Lair:3          Orc (0/2) D:9
 Bailey (visited)         Gauntlet (1/1)

Altars:
Hepliaklqana
Kikubaaqudgha
Nemelex Xobeh

Shops:
D:6 [   D:8 *   D:11 !

Annotations:
D:3 3 runed translucent doors, xianbchi's ghost, weakling DsWz Gauntlet 6 transporters


Innate Abilities, Weirdness & Mutations

Your life essence is reduced to manifest your ancestor. (-10% HP)
You are immune to sickness and miasma.
You are immune to poison.
Your flesh is very heat resistant. (rF++)
You are vulnerable to cold. (rC-)
You float through the air rather than walking.
You learn spells naturally, not from books.
Your magical power is your life essence.
You have superior vitality. (+4 MHP)


Message History

Flames lash the minotaur.
The minotaur is moderately wounded.
The minotaur seems less confused.
The minotaur hits your guardian golem with a +0 great mace of protection!!
The minotaur gores your guardian golem but does no damage.
Casting: Scorch (safe; 1% risk of failure)
Confirm with . or Enter, or press ? or * to list all spells.
Flames lash the minotaur.
The minotaur is heavily wounded.
The minotaur hits your guardian golem with a +0 great mace of protection!
Your guardian golem is destroyed!
Your guardian golem disappears in a puff of smoke!
Casting: Scorch (safe; 1% risk of failure)
Confirm with . or Enter, or press ? or * to list all spells.
Aiming: Mephitic Cloud (safe; 1% risk of failure)
Press: ? - help, Shift-Dir - straight line, p - minotaur The ball explodes into a vile cloud!
The stinking cloud engulfs you but does no damage.
The stinking cloud engulfs the minotaur but does no damage.
The minotaur is heavily wounded.
The minotaur is engulfed in noxious fumes.
The minotaur completely misses you. The minotaur gores you.
The minotaur attacks as you move away!
The minotaur hits you with a +0 great mace of protection!!
The minotaur gores you!
* * * LOW HITPOINT WARNING * * *
You feel much better.
The minotaur is engulfed in noxious fumes.
The minotaur appears confused.
The minotaur hits you with a +0 great mace of protection!
* * * LOW HITPOINT WARNING * * *
The minotaur gores you.
* * * LOW HITPOINT WARNING * * *
As you read the scroll of fear, it crumbles to dust.
You assume a fearsome visage.
The minotaur looks frightened!
The minotaur is engulfed in noxious fumes.
The minotaur hits you with a +0 great mace of protection!!
* * * LOW HITPOINT WARNING * * *
The minotaur gores you.
You die...

©©##8.©z8z#..###..##....#
###8.8.8.z#..≈##..##.##.#
..#..z8zzz#..###.....##.#
..#.z8#8zz#..#....##.##.# #
..#########..#©...##....#.# ≈#
...........∩.#...☼##.##.#.#.≈≈#
.............#.......##.'...∩≈#
###########..#©..H##.##.#.#.≈≈#
#...#.#...#..#..@.##....#.# ≈#
#..#...#..#..###..##.##.# #
#.##...##.#.§§##.....##.#
##..#.##..#.§###..##.##.#
#....©.#.©#..≈##..##....#
##..#.##..#..###..#######
#.##...##.#..§#####
#..#...#..#..## #...#.#...#..≈#


You could see a minotaur (confused, fleeing, very poisoned, combustible) and 3
flying skulls.

Vanquished Creatures
  Snorg (Lair:3)
  A boulder beetle (Lair:1)
  An ogre mage (D:11)
  2 death yaks (D:11)
  A two-headed ogre (D:11)
  An orc knight (Bailey)
  An ice statue (Lair:2)
  A black mamba (Lair:4)
  2 cane toads
  4 komodo dragons
  An ice devil (Lair:2)
  A merfolk (D:9)
  2 trolls (D:11)
  9 blink frogs
  A hornet (D:11)
  3 wyverns
  4 shadows
  10 yaks
  5 water moccasins
  2 orc warriors
  A black bear (D:7)
  3 ice beasts (Lair:2)
  2 ogres
  4 centaurs
  A phantom (D:6)
  9 bullfrogs
  2 necrophages (D:6)
  A gnoll sergeant (D:7)
  2 scorpions (D:5)
  A wight (D:8)
  2 killer bees (D:11)
  2 howler monkeys
  2 orc priests
  A hound (D:6)
  A jelly (D:7)
  5 iguanas
  10 orc wizards
  Terence (D:3)
  5 hell rats (Lair:1)
  16 gnolls
  11 river rats (Lair:1)
  8 adders
  2 shadow imps
  8 white imps
  An ufetubus (D:6)
  4 worms
  A dart slug (D:5)
  47 orcs
  2 bats
  13 endoplasms
  5 giant cockroaches
  8 goblins
  9 hobgoblins
  6 jackals
  5 kobolds
  5 quokkas
  3 ball pythons
  2 frilled lizards (D:3)
  12 rats
276 creatures vanquished.

Vanquished Creatures (collateral kills)
  A boulder beetle (D:11)
  A catoblepas (Lair:4)
  4 two-headed ogres
  A death yak (D:11)
  An ugly thing (D:10)
  A wolf spider (Lair:3)
  A black mamba (Lair:3)
  A gargoyle (D:12)
  2 komodo dragons
  3 cane toads (Lair:1)
  An unseen horror (D:12)
  A kobold demonologist (D:12)
  3 rime drakes
  An ice devil (Gauntlet)
  3 trolls
  2 polar bears (Lair:2)
  3 blink frogs
  3 flying skulls (Gauntlet)
  3 shadows (Gauntlet)
  2 wraiths (D:10)
  A wyvern (D:10)
  17 yaks
  A human (D:9)
  A basilisk (Lair:3)
  A steam dragon (D:8)
  A warg (D:9)
  An acid dragon (D:9)
  3 water moccasins
  5 orc warriors
  A swamp drake (Lair:4)
  5 ice beasts (Lair:2)
  A black bear (Lair:3)
  A phantom (D:7)
  9 bullfrogs
  2 necrophages (D:7)
  A gnoll sergeant (D:12)
  4 wights (D:8)
  A killer bee (D:11)
  An electric eel (Lair:3)
  A howler monkey (D:10)
  6 orc priests
  A hound (D:7)
  10 orc wizards
  2 hell rats (Lair:1)
  8 gnolls
  2 river rats (Lair:1)
  2 white imps (Lair:2)
  18 orcs
  A goblin (D:9)
  2 rats (Lair:1)
148 creatures vanquished.

Vanquished Creatures (others)
  Erica (D:8)
  2 death yaks (D:11)
  A warg (D:9)
  A bullfrog (Lair:3)
  An orc wizard (D:8)
  10 battlemagi
  An ancestor (D:6)
  13 fungi
  24 plants
  4 withered plants (Gauntlet)
58 creatures vanquished.

Grand Total: 482 creatures vanquished

Notes
Turn   | Place    | Note
-------+----------+-------------------------------------------
     0 | D:1      | zishaf the Djinni Venom Mage began the quest for the Orb.
     0 | D:1      | Reached XP level 1. HP: 15/15 MP: 0/0
   250 | D:1      | Reached XP level 2. HP: 12/22 MP: 0/0
   932 | D:1      | Reached skill level 1 in Fighting
  1347 | D:2      | Reached XP level 3. HP: 26/27 MP: 0/0
  1347 | D:2      | Learned a level 1 spell: Magic Dart
  1354 | D:2      | Reached skill level 3 in Spellcasting
  2366 | D:3      | Reached XP level 4. HP: 30/32 MP: 0/0
  2466 | D:3      | Found a runed translucent gate.
  2467 | D:3      | Found a runed translucent gate.
  2467 | D:3      | Found a runed translucent gate.
  2467 | D:3      | Noticed xianbchi's ghost (weakling DsWz)
  2751 | D:3      | Noticed Terence
  2770 | D:3      | Killed Terence
  3243 | D:3      | Reached XP level 5. HP: 37/38 MP: 0/0
  3243 | D:3      | Learned a level 2 spell: Passwall
  3824 | D:3      | Reached skill level 4 in Spellcasting
  4807 | D:4      | Reached XP level 6. HP: 18/45 MP: 0/0
  5853 | D:4      | Found a faded altar of an unknown god.
  5854 | D:4      | Found a hazy altar of Hepliaklqana.
  6090 | D:4      | Became a worshipper of Hepliaklqana the Forgotten
  6117 | D:5      | Entered Level 5 of the Dungeon
  6567 | D:5      | Reached XP level 7. HP: 7/50 MP: 0/0
  6567 | D:5      | Learned a level 2 spell: Scorch
  6911 | D:5      | Reached skill level 5 in Spellcasting
  7556 | D:6      | Noticed a water moccasin
  7557 | D:6      | Reached XP level 8. HP: 40/58 MP: 0/0
  7666 | D:6      | Found a staircase to the Ecumenical Temple.
  7806 | D:6      | Reached skill level 6 in Spellcasting
  7891 | D:6      | Reached skill level 5 in Fighting
  8014 | D:6      | Found Gybrinam's Armour Boutique.
  8020 | D:6      | Reached * piety under Hepliaklqana
  8245 | D:6      | Reached skill level 7 in Spellcasting
  8245 | D:6      | Reached XP level 9. HP: 36/59 MP: 0/0
  8245 | D:6      | Learned a level 3 spell: Summon Guardian Golem
  9413 | D:7      | Reached ** piety under Hepliaklqana
  9414 | D:7      | Remembered your ancestor Xiuhtonal as a battlemage
  9463 | D:7      | Reached skill level 8 in Spellcasting
  9515 | D:7      | Identified the +3 whip "Xomaunog" {antimagic, rF+++ rC-
                  | Str-3 Int+5}
  9892 | D:8      | Noticed Erica
  9903 | D:8      | Killed Erica
 10060 | D:8      | Reached XP level 10. HP: 57/67 MP: 0/0
 10554 | D:8      | Reached skill level 9 in Spellcasting
 10814 | D:8      | Reached skill level 1 in Invocations
 10814 | D:8      | Reached skill level 1 in Evocations
 10967 | D:8      | Found Jok Xon's Gadget Gallery.
 11554 | D:9      | Found a staircase to the Orcish Mines.
 11949 | D:9      | Reached *** piety under Hepliaklqana
 12762 | D:10     | Entered Level 10 of the Dungeon
 12766 | D:10     | Reached XP level 11. HP: 69/73 MP: 0/0
 12766 | D:10     | Learned a level 5 spell: Silence
 12772 | D:10     | Noticed a red ugly thing
 12789 | D:10     | Killed a red ugly thing
 12829 | D:10     | Found a flagged portal.
 12914 | Bailey   | Entered a bailey
 13190 | Bailey   | Acquired the amulet "Tufaustaj" {Faith rPois Int+4}
 13565 | Bailey   | Noticed an orc knight
 13571 | Bailey   | Killed an orc knight
 13572 | Bailey   | Reached skill level 10 in Spellcasting
 13783 | D:10     | Noticed a two-headed ogre
 13790 | D:10     | Killed a two-headed ogre
 13805 | D:10     | Found a sparkling altar of Nemelex Xobeh.
 14606 | D:11     | Found Menam's Distillery.
 14608 | D:11     | Noticed a death yak
 14608 | D:11     | Noticed a death yak
 14619 | D:11     | Noticed a death yak
 14621 | D:11     | Noticed a death yak
 14624 | D:11     | Noticed a death yak
 14629 | D:11     | Killed a death yak
 14645 | D:11     | Killed a death yak
 14647 | D:11     | Killed a death yak
 14652 | D:11     | Killed a death yak
 14653 | D:11     | Reached skill level 5 in Invocations
 14653 | D:11     | Reached skill level 5 in Evocations
 14660 | D:11     | Killed a death yak
 14661 | D:11     | Reached XP level 12. HP: 43/81 MP: 0/0
 14963 | D:11     | Noticed a boulder beetle
 14971 | D:11     | Killed a boulder beetle
 14997 | D:11     | Noticed a two-headed ogre
 15004 | D:11     | Killed a two-headed ogre
 15005 | D:11     | Reached skill level 11 in Spellcasting
 15037 | D:11     | Found a staircase to the Lair.
 15058 | D:11     | Bought a potion of curing for 33 gold pieces
 15091 | D:11     | Noticed a two-headed ogre
 15120 | D:11     | Killed a two-headed ogre
 15391 | D:11     | Reached **** piety under Hepliaklqana
 15501 | D:11     | Noticed a two-headed ogre
 15508 | D:11     | Killed a two-headed ogre
 15517 | D:11     | Reached skill level 10 in Fighting
 15620 | D:11     | Noticed an ogre mage
 15623 | D:11     | Killed an ogre mage
 15637 | D:11     | Noticed a two-headed ogre
 15641 | D:11     | Killed a two-headed ogre
 16525 | D:12     | Identified the +4 ring mail "Iweipebre" {+Inv}
 16735 | D:12     | Noticed a storm dragon
 16735 | D:12     | Noticed a great orb of eyes
 17088 | Lair:1   | Entered Level 1 of the Lair of Beasts
 17100 | Lair:1   | Reached ***** piety under Hepliaklqana
 17155 | Lair:1   | Noticed a boulder beetle
 17163 | Lair:1   | Killed a boulder beetle
 17164 | Lair:1   | Reached XP level 13. HP: 82/87 MP: 0/0
 17164 | Lair:1   | Learned a level 5 spell: Metabolic Englaciation
 17701 | Lair:1   | Reached skill level 12 in Spellcasting
 18901 | Lair:2   | Identified the +4 flail of the Hungering Gods {freeze,
                  | Drain Will++}
 19923 | Lair:3   | Found a hole to the Spider Nest.
 20161 | Lair:3   | Noticed Snorg
 20169 | Lair:3   | Killed Snorg
 21242 | Lair:4   | Found a gate leading to a gauntlet.
 21242 | Lair:4   | Found a staircase to the Swamp.
 21242 | Lair:4   | Noticed a catoblepas
 21258 | Lair:4   | Reached XP level 14. HP: 36/94 MP: 0/0
 21287 | Gauntlet | Entered a Gauntlet
 21287 | Gauntlet | Found a transporter.
 21287 | Gauntlet | Found a transporter.
 21287 | Gauntlet | Found a transporter.
 21553 | Gauntlet | Found a transporter.
 21556 | Gauntlet | Found a transporter.
 21567 | Gauntlet | Found a transporter.
 21567 | Gauntlet | Found a transporter.
 21576 | Gauntlet | Found a transporter.
 21594 | Gauntlet | Found a transporter.
 21611 | Gauntlet | Found a transporter.
 21614 | Gauntlet | Found a transporter.
 21624 | Gauntlet | Found a transporter.
 21735 | Gauntlet | Reached skill level 13 in Spellcasting
 21816 | Gauntlet | Identified the +0 cloak of the Bulwark {rElec rPois rCorr
                  | Dex-2}
 22051 | Gauntlet | Noticed a minotaur
 22075 | Gauntlet | HP: 1/95 [minotaur/+0 great mace of protection (25)]
 22075 | Gauntlet | Slain by a minotaur

Illustrated notes

Levels and vault maps discovered:
D:1:      erik_arrival_triangle_huge, layout_loops_ring, st_stairs_12
D:2:      layout_basic
D:3:      layout_loops_corners, ebering_ghost_rock_garden, grunt_ministairs_13,
          uniq_terence
D:4:      layout_layer_cave, kiku_gazebo_pond_becter,
          beargit_hepliaklqana_dungeon_heroes
D:5:      layout_basic
D:6:      layout_gridville, minmay_temple_entry_overgrown, serial_shops,
          nicolae_diamond_shop, minmay_fractal_squares_diagonal_5
D:7:      layout_cave_pods, sigmund_army
D:8:      layout_basic, nicolae_shop_gadgets, uniq_erica
D:9:      layout_loops_ring, erik_orc_4, hangedman_fish_farm
D:10:     layout_gridville, old_standard_altar, enter_bailey_8,
          nicolae_fountain_basement
D:11:     minmay_thick_lines, layout_basic, dpeg_lair_monsters, serial_shops,
          nicolae_shop_temple_entry_statues_fountains
D:12:     hourglass_vault, layout_irregular_city, minmay_tree_intersection,
          chequers_serial_rivers_small_3
Lair:1:   lemuel_ratsnest, layout_gridlike, grunt_megastairs_3
Lair:2:   layout_misc_corridors, ice2_lemuel
Lair:3:   layout_loops_ring, spider_nest_entry_rubble,
          dreamdust_mushroom_princess, serial_bayou_shore_a,
          infiniplex_staircase_pool, serial_bayou_shore_b, grunt_megastairs_2,
          lemuel_fruit_tree, uniq_snorg
Lair:4:   layout_loops_ring, minmay_swamp_entry_reptiles, ebering_ghost_xom,
          gauntlet_entry_generic
Gauntlet: minmay_gauntlet_mixed_big_or_small [nicolae_gauntlet_arena_quarters,
          minmay_gauntlet_arena_77_squiggly, gammafunk_gauntlet_arena_mazey,
          minmay_gauntlet_arena_77_chump_sandwich,
          gammafunk_gauntlet_arena_chambers,
          minmay_gauntlet_arena_77_terracotta_army, gauntlet_exit_watery]

Skill      XL: |  1  2  3  4  5  6  7  8  9 10 11 12 13 14 |
---------------+-------------------------------------------+-----
Fighting       | 1 2 3 4 5 7 8 9 10 11 | 11.7
Spellcasting   | 3 4 5 7 8 9 10 11 12 13 | 13.0
Invocations    | 3 5 6 8 |  8.0
Evocations     | 3 5 6 8 |  8.8
Dodging        | |  2.1
Stealth        | |  1.5

Action                   |  1- 3 |  4- 6 |  7- 9 | 10-12 | 13-15 || total
-------------------------+-------+-------+-------+-------+-------++-------
Melee: Short sword       |    10 |    44 |       |       |       ||    54
       Quarterstaff      |       |     8 |    78 |    78 |    64 ||   228
 Cast: Sting             |    61 |    74 |       |     1 |       ||   136
       Poisonous Vapours |       |    54 |    36 |    55 |    11 ||   156
       Mephitic Cloud    |       |     5 |     1 |    18 |     7 ||    31
       Magic Dart        |       |     3 |       |       |       ||     3
       Scorch            |       |       |     6 |    26 |   103 ||   135
       Olgreb's Toxic Ra |       |       |    11 |    21 |    18 ||    50
       Summon Guardian G |       |       |     4 |    10 |     6 ||    20
       Silence           |       |       |       |     1 |       ||     1
       Metabolic Englaci |       |       |       |       |     9 ||     9
Invok: Ancestor Life: Ba |       |       |     1 |       |       ||     1
       Recall Ancestor   |       |       |       |     6 |     1 ||     7
Evoke: Wand              |       |     1 |       |       |     1 ||     2
  Use: Scroll            |       |    13 |     1 |    12 |     4 ||    30
       Potion            |       |       |       |       |     1 ||     1
 Stab: Distracted        |       |       |     1 |       |       ||     1
       Sleeping          |       |       |       |     1 |       ||     1
       Confused          |       |       |       |       |     2 ||     2
Armor: Robe              |     6 |    16 |    22 |       |       ||    44
       Steam dragon scal |       |       |       |    18 |       ||    18
       Ring mail         |       |       |       |     3 |    42 ||    45
Dodge: Dodged            |    19 |    52 |    64 |    84 |    63 ||   282

Table legend: (Time is in decaauts)
 A = Elapsed time spent in this place.
 B = Non-inter-level travel time spent in this place.
 C = Inter-level travel time spent in this place.
 D = Time resting spent in this place.
 E = Time spent auto-exploring this place.
 F = Levels seen in this place.
 G = Mean time per level.
                   A        B        C        D        E       F      G
               +--------+--------+--------+--------+--------+-----+--------+
         Total |  22157 |  21451 |    706 |   2873 |  15349 |  18 | 1230.9 |
       Dungeon |  16330 |  15675 |    655 |   2102 |  11425 |  12 | 1360.8 |
          Lair |   4219 |   4168 |     51 |      0 |   3509 |   4 | 1054.8 |
        Bailey |    819 |    819 |      0 |    202 |    415 |   1 |  819.0 |
      Gauntlet |    787 |    787 |      0 |    569 |      0 |   1 |  787.0 |
               +--------+--------+--------+--------+--------+-----+--------+

Top non-repeatable levels by time:
     D:4: 2113 daAuts
     D:3: 1945 daAuts
    D:11: 1911 daAuts
  Lair:3: 1705 daAuts
  Lair:1: 1518 daAuts
     D:9: 1457 daAuts
     D:8: 1398 daAuts
     D:5: 1367 daAuts
     D:1: 1290 daAuts
     D:6: 1200 daAuts
     D:7: 1189 daAuts
     D:2: 944 daAuts
  Lair:2: 910 daAuts
    D:10: 861 daAuts
  Bailey: 819 daAuts
